 Dungeon Crawl Stone Soup version 0.18-a0-952-g309898a (webtiles) character file.

218776 Chiseanne the Imperceptible (level 17, -5/92 HPs)
             Began as a Spriggan Assassin on Dec 30, 2015.
             Was an Initiate of Gozag.
             Killed from afar by an ogre mage (33 damage)
             ... with a fireball
             ... on level 1 of the Vaults.
             The game lasted 02:47:07 (31605 turns).

Chiseanne the Imperceptible (Spriggan Assassin)    Turns: 31605, Time: 02:47:07

Health: -5/92      AC:  9    Str:  4    XL:     17   Next: 99%
Magic:  0/22       EV: 38    Int: 15    God:    Gozag
Gold:   2186       SH: 17    Dex: 24    Spells: 5 memorised, 9 levels left

rFire  . . .     SeeInvis +     a - +9 quick blade (pierce)
rCold  + + +     Gourm    .     T - +2 robe {MR+}
rNeg   + + .     Faith    .     v - +3 buckler {reflect}
rPois  +         Spirit   +     d - +2 hat of the Bear Spirit {Spirit, +Rage rN+ MR++}
rElec  +         Dismiss  .     c - +2 cloak of Starlight {rElec rC+ EV+4 Stlth--}
rCorr  .         Reflect  +     (gloves unavailable)
SustAt .         Harm     .     (boots unavailable)
MR     +++++     Clarity  +     Y - amulet of Spite {Reflect +Inv rN+ MP-9 Int+2 SH+3}
Stlth  ++++++++..               G - +5 ring of slaying
                                W - ring "Vuces" {rPois rC++ MR+ Str-3 Stlth-}

@: very slightly contaminated, invisible, very quick, almost entirely resistant
to hostile enchantments, extraordinarily stealthy
A: unfitting armour, see invisible, clarity, herbivore 3, speed 3, slow
metabolism 2
a: Potion Petition, Call Merchant, Bribe Branch, Renounce Religion, Evoke
Berserk Rage, Turn Visible
}: 2/15 runes: barnacled, gossamer


You were on level 1 of the Vaults.
You worshipped Gozag.
Gozag was noncommittal.
You were very full.

You visited 7 branches of the dungeon, and saw 35 of its levels.
You also visited: Bailey and Ice Cave.

You collected 11262 gold pieces.
You spent 3491 gold pieces at shops.
You paid 5585 gold pieces to Gozag.

Inventory:

Hand Weapons
 a - a +9 quick blade of piercing (weapon)
 w - a +0 blowgun
Missiles
 f - 13 curare-tipped needles
 h - 36 tomahawks of returning (quivered)
 o - 10 throwing nets {!*}
 L - 77 poisoned needles
Armour
 c - the +2 cloak of Starlight (worn) {rElec rC+ EV+4 Stlth--}
   (You bought it in a shop on level 4 of the Lair of Beasts)

   It affects your evasion (+4).
   It protects you from cold.
   It insulates you from electricity.
   It makes you much less stealthy.
 d - the +2 hat of the Bear Spirit (worn) {Spirit, +Rage rN+ MR++}
   (You found it on level 1 of the Spider Nest)

   It protects you from negative energy.
   It affects your resistance to hostile enchantments.
   It lets you go berserk.
 v - a +3 buckler of reflection (worn)
 T - a +2 robe of magic resistance (worn)
Jewellery
 j - an uncursed amulet of resist corrosion
 G - a +5 ring of slaying (right hand)
 P - an uncursed ring of protection from fire
 W - the ring "Vuces" (left hand) {rPois rC++ MR+ Str-3 Stlth-}
   (You bought it in a shop on level 12 of the Dungeon)

   [ring of loudness]

   It affects your strength (-3).
   It greatly protects you from cold.
   It protects you from poison.
   It affects your resistance to hostile enchantments.
   It makes you less stealthy.
 X - the ring "Vehaablofu" {+/*Tele rC+ MP+9 Int+5 Dex-2}
   (You took it off a deep elf sorcerer on level 3 of the Elven Halls)

   [ring of teleportation]

   It may teleport you next to monsters, and can be evoked to randomly teleport.
   It affects your intelligence (+5).
   It affects your dexterity (-2).
   It protects you from cold.
   It affects your magic capacity (+9).
 Y - the amulet of Spite (around neck) {Reflect +Inv rN+ MP-9 Int+2 SH+3}
   (You took it off a deep elf death mage on level 3 of the Elven Halls)

   [amulet of reflection]

   It shields you and reflects attacks.
   It affects your intelligence (+2).
   It protects you from negative energy.
   It affects your magic capacity (-9).
   It lets you turn invisible.
   It affects your SH (+3).
Wands
 b - a wand of enslavement (8/24)
 n - a wand of disintegration (6/24)
 q - a wand of digging (0/24)
 u - a wand of confusion (19/48)
 O - a wand of hasting (4/9)
Scrolls
 i - 15 scrolls of remove curse
 k - 2 scrolls of blinking
 p - a scroll of enchant armour
 x - 4 scrolls of fog
 y - 9 scrolls of teleportation
 z - 3 scrolls of fear
 B - 4 scrolls of recharging
 E - a scroll of holy word
 F - 5 scrolls of identify
 R - a scroll of summoning
 Z - 5 scrolls of magic mapping
Potions
 e - 7 potions of resistance
 l - a potion of flight
 r - 7 potions of heal wounds
 s - a potion of cancellation
 C - a potion of haste
 I - 5 potions of agility
 J - 9 potions of curing
Miscellaneous
 m - a disc of storms
Comestibles
 g - 18 bread rations
 K - 4 fruits


   Skills:
 - Level 11.6 Fighting
 - Level 8.4 Short Blades
 - Level 2.0 Throwing
 - Level 13.8 Dodging
 - Level 25.0 Stealth
 - Level 12.0 Shields
 * Level 1.4 Spellcasting
 * Level 1.2 Hexes
 + Level 0.8 Charms
 - Level 18.0 Evocations


You had 9 spell levels left.
You knew the following spells:

 Your Spells              Type           Power        Failure   Level  Hunger
a - Summon Butterflies    Summ           #.......     28%         1    ##.....
b - Apportation           Tloc           #.........   28%         1    ##.....
c - Tukima's Dance        Hex            #.......     43%         3    ####...
d - Repel Missiles        Chrm/Air       #.....       34%         2    ###....
e - Shroud of Golubria    Chrm/Tloc      #.........   34%         2    ###....


Dungeon Overview and Level Annotations

Branches:
Dungeon (15/15)            Temple (0/1) D:7            Lair (6/8) D:9
 Shoals (4/4) Lair:4       Spider (4/4) Lair:6          Orc (2/2) D:10
    Elf (3/3) Orc:2        Vaults (1/5) D:14         Depths (0/5) D:15
  Slime: Lair:6-8

Altars:
Elyvilon
Fedhas
Gozag
Makhleb
Qazlal
Sif Muna
Vehumet

Shops:
D:7 !   D:10 [[   D:12 =   D:15 (=   Orc:2 **=(   Lair:4 [[

Portals:
Trove: D:13 (give +6 demon whip)

Annotations:
Shoals:2 nublet's ghost, adept OgGl
Spider:3 exclusion: orange crystal statue
Elf:2 3 runed doors


Innate Abilities, Weirdness & Mutations

You are tiny and cannot use many weapons and most armour.
You have supernaturally acute eyesight.
You are a herbivore.
You cover ground extremely quickly.
You need consume almost no food.
You possess an exceptional clarity of mind.


Message History

The orb spider hisses angrily.
You hit the unseen horror.
The unseen horror is almost dead.
The unseen horror completely misses you.
You puncture the unseen horror!
You kill the unseen horror!
Evoke which item? (* to show all) (? for menu, Esc to quit)
Zapping:
b - a wand of enslavement (will waste charges)
Press: ? - help, Shift-Dir - straight line, f - fire giant
Aim: a fire giant, wielding a great sword of flaming (chance to defeat MR: 26%)
The fire giant resists with almost no effort.
Evoking this partially-identified wand wasted a few charges.
The fire giant points at you and mumbles some strange words.
The fireball explodes!
The fireball engulfs you!
The fireball engulfs the fire giant.
The fire giant resists.
The ogre mage casts a spell at you.
The fireball explodes!
The fireball engulfs the fire giant.
The fire giant resists.
The fireball engulfs you!
You die...
Your body crumbles into a pile of gold.

+.... #.#.#.#.#
#....#.........
#....##.........
#....#...#..#..#.
#....##.........p
############....#.....#.#..
#.........##....##.$#.....#.
#.........##....@C....#.#...
#.........##....##..O......
#.........##....#...#..#..#.
#.........##....##(.(..C....
#.........##....#........=..
#.........##....##.#.#.#.#.#
#.........##....######## #
##'#########....# ....#
#.(..########


You could see a fire giant, a stone giant (wandering) and an ogre mage.

Vanquished Creatures
  2 deep elf master archers (Elf:3)
  2 deep elf blademasters (Elf:3)
  Agnes (D:15)
  7 deep elf sorcerers (Elf:3)
  Maud (D:10)
  An orc warlord (Bailey)
  A frost giant (Shoals:4)
  2 emperor scorpions
  4 deep elf elementalists (Elf:3)
  3 ghost moths
  5 deep elf demonologists (Elf:3)
  Azrael (D:13)
  6 deep elf annihilators (Elf:3)
  A dire elephant (Lair:6)
  Snorg (D:11)
  A spark wasp (Spider:4)
  4 deep elf death magi (Elf:3)
  3 vault guards (D:14)
  5 merfolk impalers
  Harold (D:11)
  An entropy weaver (Spider:4)
  3 deep elf high priests (Elf:3)
  4 hydras
  An anaconda (shapeshifter) (Elf:3)
  4 centaur warriors
  A rakshasa (D:15)
  Erolcha (D:10)
  2 merfolk aquamancers (Shoals:4)
  A tengu warrior (D:13)
  An alligator snapping turtle (Shoals:3)
  4 death yaks (Lair:5)
  4 ogre magi
  6 orc high priests (Orc:2)
  2 satyrs
  Sonja (D:10)
  12 deep elf knights
  Nergalle (D:11)
  3 unseen horrors
  2 sea snakes
  A kraken simulacrum (Shoals:4)
  A giant orange brain (D:15)
  2 hill giants
  8 orc knights
  3 harpies (Shoals:1)
  4 deep elf archers
  8 orb spiders
  5 griffons
  19 wolf spiders
  5 hornets
  3 oklob plants
  39 deep elf magi
  11 ugly things
  6 manticores
  A wizard (D:12)
  3 orc sorcerers
  4 black mambas
  A siren (Shoals:3)
  2 ice statues (IceCv)
  20 elephants
  2 torpor snails
  A gargoyle (D:13)
  7 spiny frogs
  2 cyclopes (D:12)
  2 demonic crawlers (Spider:2)
  3 kobold demonologists
  An efreet (D:15)
  A komodo dragon (Lair:2)
  2 spiny frogs (shapeshifter)
  A fire drake (Lair:5)
  19 jumping spiders
  14 merfolk
  9 ice devils (IceCv)
  A queen bee (shapeshifter) (D:15)
  6 trolls
  A wind drake (shapeshifter) (D:14)
  2 wind drakes
  A hornet zombie (D:15)
  6 two-headed ogres
  9 slime creatures (D:15)
  2 snapping turtles
  13 trapdoor spiders
  5 blink frogs (Lair:6)
  18 redbacks
  15 yaks
  5 water elementals
  2 wyverns
  11 tarantellas
  2 vampires
  A shadow (D:15)
  An air elemental (Elf:3)
  2 mottled dragons
  2 wraiths (D:15)
  3 hungry ghosts
  A basilisk (Lair:4)
  12 swamp worms (Lair:5)
  4 fire elementals
  6 hippogriffs
  A swamp worm (shapeshifter) (D:15)
  5 wargs
  4 vampire mosquitoes
  15 wolves
  15 porcupines
  35 orc warriors
  9 ice beasts
  A black bear (shapeshifter) (D:15)
  2 black bears
  7 sky beasts
  15 water moccasins
  A wasp (D:13)
  An eye of draining (D:14)
  3 hell hounds (D:13)
  3 boggarts (Vaults:1)
  3 phantoms
  12 crocodiles
  27 ogres
  6 centaurs
  A wyvern zombie (D:12)
  An earth elemental (Elf:3)
  20 giant frogs
  4 scorpions
  22 killer bees
  3 wights (D:7)
  2 electric eels
  A giant frog zombie (D:7)
  3 centaur zombies
  4 jellies
  4 crimson imps
  29 orc priests
  8 hounds
  21 orc wizards
  4 centaur skeletons
  A giant frog skeleton (D:11)
  4 hell rats (Lair:4)
  8 iguanas
  Natasha (twice) (D:2)
  17 sheep
  8 worker ants
  A hound skeleton (D:4)
  2 gnolls (Bailey)
  9 adders
  53 river rats
  6 shadow imps
  7 white imps (IceCv)
  5 ufetubi (IceCv)
  2 oozes
  An adder skeleton (D:6)
  9 worms
  2 giant geckos
  67 orcs
  A ball python (D:1)
  4 giant cockroaches
  6 hobgoblins
  6 quokkas
  13 bats
  2 giant gecko skeletons
  4 giant newts
  11 goblins
  20 kobolds
  2 quokka skeletons
  16 rats
1028 creatures vanquished.

Vanquished Creatures (others)
  A deep elf demonologist (Elf:3)
  A merfolk javelineer (Shoals:4)
  A vault guard (D:14)
  10 dancing weapons
  A wolf spider (Spider:3)
  An orc warrior (Orc:2)
  A hell rat (Lair:4)
  3 river rats
  A white imp (IceCv)
  4 ufetubi (IceCv)
  2 orcs (Orc:2)
  A hobgoblin (Bailey)
  A quokka (D:12)
  3 plants
31 creatures vanquished.

Grand Total: 1059 creatures vanquished

Notes
Turn   | Place    | Note
--------------------------------------------------------------
     0 | D:1      | Chiseanne the Spriggan Assassin began the quest for the Orb.
     0 | D:1      | Reached XP level 1. HP: 10/10 MP: 2/2
   135 | D:1      | Reached skill level 6 in Stealth
   449 | D:1      | Reached XP level 2. HP: 14/14 MP: 3/3
   816 | D:2      | Found a burning altar of Makhleb.
   828 | D:2      | Found a deep blue altar of Sif Muna.
   944 | D:2      | Noticed Natasha
   961 | D:2      | Killed Natasha
   961 | D:2      | Reached XP level 3. HP: 6/18 MP: 4/4
  1295 | D:2      | Noticed Natasha
  1301 | D:2      | Killed Natasha
  1301 | D:2      | Reached XP level 4. HP: 22/22 MP: 5/5
  1758 | D:3      | Reached skill level 7 in Stealth
  2088 | D:3      | Reached XP level 5. HP: 22/25 MP: 6/6
  2258 | D:4      | Reached skill level 5 in Dodging
  2405 | D:4      | Noticed an ogre
  2429 | D:4      | Killed an ogre
  2429 | D:4      | Reached skill level 8 in Stealth
  2723 | D:4      | Reached XP level 6. HP: 30/30 MP: 7/7
  3221 | D:4      | Reached skill level 9 in Stealth
  3566 | D:4      | Reached XP level 7. HP: 33/33 MP: 8/8
  3882 | D:5      | Entered Level 5 of the Dungeon
  4020 | D:5      | Reached skill level 10 in Stealth
  4860 | D:6      | Reached XP level 8. HP: 37/37 MP: 9/9
  4879 | D:6      | Found an opulent altar of Gozag.
  4955 | D:6      | Became a worshipper of Gozag Ym Sagoz the Greedy
  5040 | D:6      | Reached skill level 5 in Short Blades
  5393 | D:6      | Found a radiant altar of Vehumet.
  5468 | D:7      | Reached skill level 11 in Stealth
  5474 | D:7      | Found a stormy altar of Qazlal.
  5597 | D:7      | Found Joce's Distillery.
  5602 | D:7      | Bought a potion of might for 60 gold pieces
  5602 | D:7      | Bought a potion of agility for 60 gold pieces
  5602 | D:7      | Bought a potion of curing for 45 gold pieces
  5602 | D:7      | Bought a potion of might for 60 gold pieces
  5605 | D:7      | Got a shimmering spear
  5606 | D:7      | Identified the +5 spear of Nutravvo {pierce, SInv} (You found it on level 7 of the Dungeon)
  5695 | D:7      | Reached skill level 10 in Dodging
  5881 | D:7      | Reached skill level 12 in Stealth
  6075 | D:7      | Reached XP level 9. HP: 37/41 MP: 10/10
  6169 | D:7      | Found a staircase to the Ecumenical Temple.
  6603 | D:8      | Reached skill level 13 in Stealth
  7889 | D:8      | Found a blossoming altar of Fedhas.
  8101 | D:9      | Reached skill level 14 in Stealth
  8153 | D:9      | Found a staircase to the Lair.
  8618 | D:9      | Reached XP level 10. HP: 42/46 MP: 11/11
  9116 | D:9      | Learned a level 1 spell: Summon Butterflies
  9161 | D:10     | Entered Level 10 of the Dungeon
  9199 | D:10     | Noticed Maud
  9228 | D:10     | Killed Maud
  9228 | D:10     | Reached skill level 15 in Stealth
  9272 | D:10     | Noticed Sonja
  9342 | D:10     | Found Ofepp's Armour Boutique.
  9342 | D:10     | Found a staircase to the Orcish Mines.
  9396 | D:10     | Bought a +1 cloak of invisibility for 198 gold pieces
  9468 | D:10     | Reached skill level 1 in Evocations
  9583 | D:10     | Killed Sonja
  9642 | D:10     | Noticed Erolcha
  9647 | D:10     | Killed Erolcha
  9908 | D:7      | Bought a potion of resistance for 150 gold pieces
  9908 | D:7      | Bought 2 potions of agility for 120 gold pieces
  9908 | D:7      | Bought a potion of resistance for 150 gold pieces
  9908 | D:7      | Bought a potion of haste for 150 gold pieces
  9908 | D:7      | Bought a potion of haste for 150 gold pieces
  9972 | D:8      | Reached XP level 11. HP: 46/49 MP: 16/18
 10053 | D:11     | Noticed Nergalle
 10076 | D:11     | Killed Nergalle
 10114 | D:11     | Noticed a hill giant
 10116 | D:11     | Found a flagged portal.
 10121 | D:11     | Killed a hill giant
 10123 | D:11     | Noticed an unseen horror
 10140 | D:11     | Killed an unseen horror
 10140 | D:11     | Reached skill level 10 in Evocations
 10184 | Bailey   | Entered a bailey
 10190 | Bailey   | Noticed an orc warlord
 10358 | Bailey   | Found a runed gate.
 10369 | Bailey   | Found a runed gate.
 10370 | Bailey   | Found a runed gate.
 10634 | Bailey   | Killed an orc warlord
 10764 | Bailey   | Identified a scroll of acquirement
 10811 | D:11     | Noticed Snorg
 10825 | D:11     | Killed Snorg
 11041 | D:11     | Noticed Harold
 11077 | D:11     | Killed Harold
 11347 | D:12     | Noticed a centaur warrior
 11363 | D:12     | Killed a centaur warrior
 11365 | D:12     | Reached XP level 12. HP: 53/53 MP: 23/23
 11564 | D:12     | Noticed a six-headed hydra
 11573 | D:12     | Killed a six-headed hydra
 11573 | D:12     | Reached skill level 15 in Evocations
 11606 | D:12     | Noticed a centaur warrior
 11613 | D:12     | Killed a centaur warrior
 11834 | D:12     | Found a white marble altar of Elyvilon.
 12060 | D:12     | Reached skill level 16 in Evocations
 12774 | D:12     | Bought the ring "Vuces" {rPois rC++ MR+ Str-3 Stlth-} for 390 gold pieces
 12829 | D:13     | Reached skill level 17 in Evocations
 12863 | D:13     | Found a frozen archway.
 12932 | IceCv    | Entered an ice cave
 13361 | IceCv    | Learned a level 1 spell: Apportation
 13365 | IceCv    | Learned a level 3 spell: Tukima's Dance
 13394 | IceCv    | Reached skill level 18 in Evocations
 13893 | D:13     | Reached skill level 1 in Shields
 14120 | D:13     | Found a portal to a secret trove of treasure.
 14150 | D:13     | Noticed Azrael
 14185 | D:13     | Killed Azrael
 14185 | D:13     | Reached XP level 13. HP: 39/57 MP: 27/27
 15009 | D:14     | Found a gate to the Vaults.
 15788 | D:15     | Entered Level 15 of the Dungeon
 15953 | D:15     | Reached skill level 5 in Shields
 16469 | D:15     | Found a staircase to the Depths.
 16838 | D:15     | Reached XP level 14. HP: 61/61 MP: 28/28
 16850 | D:15     | Noticed Agnes
 16854 | D:15     | Killed Agnes
 16854 | D:15     | Reached skill level 19 in Stealth
 17033 | Orc:1    | Entered Level 1 of the Orcish Mines
 17637 | Orc:2    | Entered Level 2 of the Orcish Mines
 17853 | Orc:2    | Found a staircase to the Elven Halls.
 18734 | Orc:2    | Reached skill level 20 in Stealth
 18897 | Orc:2    | Found Faxaf's Antique Weapon Shoppe.
 18897 | Orc:2    | Found Erihuacs's Jewellery Shoppe.
 18898 | Orc:2    | Found Lone's General Store.
 18898 | Orc:2    | Found Onlauc's Assorted Antiques.
 19020 | Orc:2    | Bought an uncursed amulet of guardian spirit for 420 gold pieces
 19023 | Orc:2    | Bought a potion of agility for 112 gold pieces
 19023 | Orc:2    | Bought a copper wand for 112 gold pieces
 19023 | Orc:2    | Bought a scroll of magic mapping for 98 gold pieces
 19023 | Orc:2    | Bought a scroll of identify for 56 gold pieces
 19026 | Orc:2    | Bought a bread ration for 75 gold pieces
 19026 | Orc:2    | Bought a scroll of fog for 30 gold pieces
 19026 | Orc:2    | Bought a bread ration for 75 gold pieces
 19026 | Orc:2    | Bought a potion of curing for 45 gold pieces
 19026 | Orc:2    | Bought a scroll of recharging for 142 gold pieces
 19026 | Orc:2    | Bought a potion of agility for 60 gold pieces
 19026 | Orc:2    | Bought a slice of pizza for 22 gold pieces
 19269 | Lair:1   | Entered Level 1 of the Lair of Beasts
 19690 | Lair:1   | Got a transparent buckler
 19701 | Lair:1   | Identified the +0 buckler of Qeuhul {Dex+6} (You acquired it on level 1 of the Lair of Beasts)
 21026 | Lair:3   | Reached skill level 21 in Stealth
 21576 | Lair:4   | Found a staircase to the Shoals.
 21814 | Lair:4   | Reached XP level 15. HP: 65/65 MP: 29/29
 22750 | Lair:6   | Reached skill level 22 in Stealth
 23087 | Lair:6   | Found a hole to the Spider Nest.
 23620 | Spider:1 | Entered Level 1 of the Spider Nest
 23672 | Spider:2 | Reached skill level 10 in Shields
 24147 | Spider:3 | Reached skill level 23 in Stealth
 25073 | Spider:4 | Entered Level 4 of the Spider Nest
 25079 | Spider:4 | Reached XP level 16. HP: 69/69 MP: 30/30
 25477 | Spider:4 | Got a faintly glowing lapis lazuli ring
 25499 | Spider:4 | Identified the ring "Quasch" {rC+ rN+ MR+ Str-2} (You found it on level 4 of the Spider Nest)
 25605 | Spider:4 | Reached skill level 24 in Stealth
 25676 | Spider:4 | Got a gossamer rune of Zot
 25872 | Lair:4   | Bought a +1 buckler of reflection for 216 gold pieces
 25875 | Lair:4   | Bought the +2 cloak of Starlight {rElec rC+ EV+4 Stlth--} for 495 gold pieces
 25921 | Shoals:1 | Entered Level 1 of the Shoals
 26330 | Shoals:2 | Noticed nublet's ghost (adept OgGl)
 26676 | Shoals:4 | Entered Level 4 of the Shoals
 26790 | Shoals:4 | Gained mutation: You possess an exceptional clarity of mind. [mutagenic glow]
 26994 | Shoals:3 | Reached skill level 25 in Stealth
 27042 | Shoals:4 | Got a barnacled rune of Zot
 27728 | Elf:1    | Entered Level 1 of the Elven Halls
 28361 | Elf:1    | Reached skill level 5 in Fighting
 28534 | Elf:2    | Found a runed gate.
 28534 | Elf:2    | Found a runed gate.
 28534 | Elf:2    | Found a runed gate.
 28538 | Elf:2    | Reached XP level 17. HP: 81/81 MP: 31/31
 28620 | Elf:3    | Entered Level 3 of the Elven Halls
 29688 | Elf:3    | Reached skill level 10 in Fighting
 30319 | Elf:3    | Identified Sif Muna's Grimoire of Augmentations
 30326 | Elf:3    | Learned a level 2 spell: Repel Missiles
 30329 | Elf:3    | Learned a level 2 spell: Shroud of Golubria
 30586 | Elf:3    | Got a transparent jade ring
 30586 | Elf:3    | Got a heavily runed zirconium amulet
 30620 | Elf:3    | Got a brightly glowing hunting sling
 30624 | Elf:3    | Identified the cursed +1 hunting sling of the Wraith {velocity, MR+} (You found it on level 3 of the Elven Halls)
 30626 | Elf:3    | Identified the ring "Vehaablofu" {+/*Tele rC+ MP+9 Int+5 Dex-2} (You took it off a deep elf sorcerer on level 3 of the Elven Halls)
 30628 | Elf:3    | Identified the amulet of Spite {Reflect +Inv rN+ MP-9 Int+2 SH+3} (You took it off a deep elf death mage on level 3 of the Elven Halls)
 31186 | Vaults:1 | Entered Level 1 of the Vaults
 31534 | Vaults:1 | Reached skill level 1 in Hexes
 31548 | Vaults:1 | Reached skill level 1 in Spellcasting
 31605 | Vaults:1 | Killed from afar by an ogre mage

Vault maps used:
D:1:      dpeg_arrival_simpleton_a
D:2:      lemuel_crystal_altar, overflow_temple_1_default, first_bread,
          uniq_natasha
D:3:      minmay_misc_feat_chi
D:5:      wad_floor_pattern_1
D:6:      lemuel_upstairs_altar, marbit_many_paths, basic_altar
D:7:      grunt_qazlal_clouds, temple_green, serial_shops, nicolae_shop_stone,
          minmay_misc_feat_roman
D:8:      hangedman_tree_tricks
D:9:      grunt_lair_entry_orc_guard_hut, kennysheep_nondescript
D:10:     orc_david_3, uniq_erolcha, uniq_sonja, uniq_maud
D:11:     enter_bailey_2, billiards_dpeg, uniq_snorg, uniq_nergalle, uniq_harold
D:12:     minmay_stepped, elyvilon_altar_4
D:13:     serial_column_ruins, column_ruins_square_large,
          column_ruins_corridor_corner, column_ruins_grid_2,
          column_ruins_grid_4, column_ruins_corridor_straight,
          column_ruins_columns_straight, column_ruins_open_small_water,
          nicolae_trove_entry_columns, portal_ice_cave_entry_ice_beasts,
          minmay_misc_feat_tiny, uniq_azrael
D:14:     lightli_vaults_fourway_checkpoint, minmay_misc_feat_iff,
          disabler_island
D:15:     gammafunk_enter_depths_forms, uniq_agnes
Lair:1:   lemuel_fruit_tree
Lair:2:   beast_lair_carwin_7
Lair:3:   fungi_pond_lemuel, nicolae_quartered_pool_little
Lair:4:   minmay_shoals_entry_beasts, hangedman_lair_generics_rect,
          grunt_megastairs_3
Lair:5:   worms_lemuel
Lair:6:   beast_lair_carwin_large_3, nicolae_spider_entry_orb_guardian,
          serial_bayou_ford_a
Shoals:1: uniq_donald
Shoals:2: serial_shops, nicolae_shop_crystal, lemuel_oklob_altar
Shoals:3: uniq_polyphemus
Shoals:4: shoals_end_grunt_ice, shoals_ilsuiw_ice, uniq_mara, uniq_roxanne
Spider:3: spider_temple_joshua, nicolae_spider_cling_halls, uniq_kirke
Spider:4: grunt_spider_rune_parallel, hive_lemuel
Orc:2:    st_orc_pillars
Elf:1:    eino_elf_arrival_sip, hangedman_elven_crosses_minicolossus,
          serial_sigils_hangedman_writhe
Elf:2:    basic_altar, uniq_asterion
Elf:3:    elf_hall, minmay_misc_feat_alley
Vaults:1: v_alt_pattern_5, v_misc_28, nicolae_vaults_an_arrangement,
          ontoclasm_vaults_idyll, v_misc_14, nicolae_vaults_yaktaur_gun_rack,
          nicolae_vaults_triangles, v_misc_16, ontoclasm_vaults_ring_small,
          ontoclasm_vaults_hangar, nicolae_vaults_alarming,
          ontoclasm_vaults_claustrophobia, nicolae_vaults_theta,
          grunt_vaults_focal, vaults_dpeg_encased_lava, serial_shops,
          nicolae_shop_behind_doors, uniq_norris
Bailey:   bailey_axe_bossmonster_kennysheep, bailey
IceCv:    ice_cave_small_demon

Action                   |  1- 3 |  4- 6 |  7- 9 | 10-12 | 13-15 | 16-18 || total
-------------------------+-------+-------+-------+-------+-------+-------++-------
Melee: Short sword       |    75 |   161 |   333 |    51 |       |       ||   620
       Dagger            |     2 |       |       |       |       |       ||     2
       Spear             |       |       |   202 |    69 |       |       ||   271
       Quick blade       |       |       |       |   400 |  1695 |   708 ||  2803
 Fire: Blowgun           |     4 |    19 |    70 |    18 |    50 |    43 ||   204
Throw: Tomahawk          |       |     3 |     4 |    64 |    44 |     7 ||   122
       Throwing net      |       |       |       |       |       |     3 ||     3
Invok: Call Merchant     |       |       |       |     1 |     2 |     3 ||     6
 Abil: Evoke Invisibilit |       |       |       |    13 |    15 |    18 ||    46
Evoke: Wand              |       |       |     4 |     8 |    19 |    29 ||    60
  Use: Scroll            |     3 |    10 |     8 |     9 |    10 |    18 ||    58
       Potion            |       |     1 |     1 |     4 |     8 |     7 ||    21
 Stab: Sleeping          |     7 |    11 |    25 |    39 |   151 |    47 ||   280
       Distracted        |       |       |     8 |     5 |    38 |     8 ||    59
       Invisible         |       |       |       |    51 |    97 |    79 ||   227
       Paralysed         |       |       |       |     5 |     2 |     5 ||    12
       Held in net/web   |       |       |       |       |       |     1 ||     1
  Eat: Bread ration      |       |       |     1 |       |       |       ||     1
       Royal jelly       |       |       |     2 |     1 |       |       ||     3
       Pizza             |       |       |     1 |       |     6 |     1 ||     8
       Fruit             |       |       |       |    12 |    12 |    16 ||    40
